 Dungeon Crawl Stone Soup version 0.32-a0-462-ga46d8fb (webtiles) character file.

Game seed: 58219278483748706

105 jagoly the Shooter (level 4, -6/32 HPs)
             Began as a Mummy Hexslinger on Feb 24, 2024.
             Mangled by an orc
             ... wielding a +2 morningstar of protection
              (9 damage)
             ... on level 3 of the Dungeon.
             The game lasted 00:04:21 (1884 turns).

jagoly the Shooter (Mummy Hexslinger)               Turns: 1884, Time: 00:04:21

Health: -6/32      AC:  9    Str: 11    XL:     4   Next: 53%
Magic:  7/7        EV: 10    Int: 12    God:
Gold:   155        SH:  0    Dex: 16    Spells: 5/7 levels left

rFire   x . .        a - +1 sling
rCold   + . .        (no shield)
rNeg    + + +        l - +3 ring mail
rPois   ∞            (no helmet)
rElec   .            (no cloak)
rCorr   .            (no gloves)
SInv    .            d - +0 pair of boots
Will    .....        (no amulet)
Stlth   +            j - ring of willpower
HPRegen 0.25/turn    (no ring)
MPRegen 0.10/turn

%: faith
@: weak-willed
A: cold resistance 1, negative energy resistance 3, torment resistance 2, heat
vulnerability 1, in touch with death 1, no potions, faith
a: no special abilities


You were on level 3 of the Dungeon.
You visited 1 branch of the dungeon, and saw 3 of its levels.

You collected 155 gold pieces.

Inventory:

Hand Weapons
 a - a +1 sling (weapon)
Missiles
 g - 2 javelins
 m - 4 poisoned darts
 p - 2 curare-tipped darts
Armour
 c - a +0 robe
 d - a +0 pair of boots (worn)
 l - a +3 ring mail (worn)
Jewellery
 j - a ring of willpower (left hand)
Scrolls
 b - a scroll of poison
 e - 3 scrolls of butterflies {unknown}
 f - a scroll of fear {unknown}
 h - a scroll of blinking {unknown}
 i - a scroll of fog {unknown}
 k - a scroll of immolation {unknown}
 n - a scroll of enchant weapon {unknown}
 o - a scroll of identify {unknown}


   Skills:
 - Level 1.0 Fighting
 * Level 3.6 Ranged Weapons
 - Level 1.5 Dodging
 - Level 2.0 Spellcasting
 - Level 3.0 Hexes
 - Level 0.7 Fire Magic


You had 5 spell levels left.
You knew the following spells:

 Your Spells              Type           Power      Damage    Failure   Level
a - Jinxbite              Hex            16%        N/A       28%         2

Your spell library contained the following spells:

 Spells                   Type           Power      Damage    Failure   Level
 Sigil of Binding         Hex            8%         N/A       50%         3
 Inner Flame              Hex/Fire       5%         N/A       67%         3
 Cause Fear               Hex            4%         N/A       88%         4
 Dimensional Bullseye     Hex/Tloc       2%         N/A       98%         4


Dungeon Overview and Level Annotations

Branches:
Dungeon (3/15) Zot: 16057

Altars:


Innate Abilities, Weirdness & Mutations

You are immune to poison.
Your flesh is cold resistant. (rC+)
You are immune to negative energy. (rN+++)
You are immune to unholy pain and torment.
You are vulnerable to heat. (rF-)
You are in touch with the powers of death.
You do not drink.
You have a special connection with the divine. (Faith)


Message History

The endoplasm is severely wounded.
You shoot a sling bullet. The sling bullet hits the endoplasm.
The endoplasm is almost dead.
No target in view!
No target in view!
Found a leather armour and 2 cyan potions.
You shoot a sling bullet. The sling bullet hits the endoplasm.
You kill the endoplasm!
No target in view!
An adder comes into view.
The adder hisses angrily.
You shoot a sling bullet.
The sling bullet barely misses the adder.
You shoot a sling bullet.
The sling bullet closely misses the adder.
The adder bites you but does no damage.
You shoot a sling bullet. The sling bullet misses the adder.
The adder bites you. The adder bites you but does no damage.
You shoot a sling bullet.
The sling bullet closely misses the adder.
The adder bites you but does no damage. x2
You shoot a sling bullet. The sling bullet hits the adder.
The adder is moderately wounded.
The adder barely misses you. The adder closely misses you.
You shoot a sling bullet. The sling bullet hits the adder.
The adder is heavily wounded.
The adder bites you.
You shoot a sling bullet.
The sling bullet closely misses the adder.
The adder barely misses you. x2
You shoot a sling bullet.
The sling bullet closely misses the adder.
The adder bites you but does no damage. x2
You shoot a sling bullet.
The sling bullet closely misses the adder.
The adder barely misses you. x2
You shoot a sling bullet.
The sling bullet hits the adder but does no damage.
The adder is heavily wounded.
The adder barely misses you. The adder bites you but does no damage.
You shoot a sling bullet. The sling bullet hits the adder!
You kill the adder!
No target in view!
No target in view!
HP restored.
Found 6 stones.
Found a sedimented emerald potion.
A ribbon worm comes into view.
You shoot a sling bullet. The sling bullet hits the ribbon worm.
The ribbon worm is lightly wounded.
You shoot a sling bullet.
The sling bullet barely misses the ribbon worm.
You shoot a sling bullet.
The sling bullet barely misses the ribbon worm.
The ribbon worm expels a string of sticky webbing.
The stream of webbing hits you but does no damage.
You are caught in a web!
You struggle to detach yourself from the web.
The web tears apart.
The ribbon worm barely misses you.
You shoot a sling bullet. The sling bullet hits the ribbon worm.
The ribbon worm is lightly wounded.
The ribbon worm bites you.
You shoot a sling bullet. The sling bullet hits the ribbon worm.
The ribbon worm is moderately wounded.
The ribbon worm closely misses you.
You shoot a sling bullet. The sling bullet hits the ribbon worm.
The ribbon worm is heavily wounded.
The ribbon worm bites you.
You shoot a sling bullet. The sling bullet hits the ribbon worm!
The ribbon worm is almost dead.
The ribbon worm expels a string of sticky webbing.
The stream of webbing hits you but does no damage.
You are caught in a web!
The ribbon worm bites you but does no damage.
The web tears apart.
You shoot a sling bullet.
The sling bullet barely misses the ribbon worm.
The ribbon worm barely misses you. The ribbon worm bites you.
You shoot a sling bullet. The sling bullet hits the ribbon worm.
The ribbon worm is almost dead.
The ribbon worm expels a string of sticky webbing.
The stream of webbing hits you but does no damage.
You are caught in a web!
The web tears apart.
The ribbon worm barely misses you.
You shoot a sling bullet. The sling bullet hits the ribbon worm.
The ribbon worm is almost dead.
The ribbon worm bites you but does no damage.
You shoot a sling bullet. The sling bullet hits the ribbon worm.
You kill the ribbon worm!
No target in view!
A goblin comes into view. It is wielding a +0 dagger.
The goblin shouts!
You see here a scroll labelled ODAONI TEMA.
You shoot a sling bullet.
The sling bullet closely misses the goblin.
You shoot a sling bullet. The sling bullet hits the goblin.
You kill the goblin!
No target in view!
No target in view!
o - a scroll labelled ODAONI TEMA You see here 6 stones.
Found 2 cyan potions.
A ribbon worm comes into view.
You see here 2 cyan potions.
You shoot a sling bullet. The sling bullet hits the ribbon worm.
The ribbon worm is moderately wounded.
You shoot a sling bullet. The sling bullet hits the ribbon worm.
The ribbon worm is moderately wounded.
The ribbon worm expels a string of sticky webbing.
The stream of webbing hits you but does no damage.
You are caught in a web!
You struggle to detach yourself from the web.
The web tears apart.
You shoot a sling bullet. The sling bullet hits the ribbon worm.
The ribbon worm is moderately wounded.
You shoot a sling bullet. The sling bullet hits the ribbon worm.
The ribbon worm is moderately wounded.
You shoot a sling bullet.
The sling bullet hits the ribbon worm but does no damage.
The ribbon worm is moderately wounded.
You shoot a sling bullet.
The sling bullet barely misses the ribbon worm.
The ribbon worm bites you but does no damage.
The ribbon worm expels a string of sticky webbing.
The stream of webbing hits you but does no damage.
You are caught in a web!
The web tears apart.
You shoot a sling bullet. The sling bullet hits the ribbon worm!
The ribbon worm is heavily wounded.
The ribbon worm closely misses you.
You shoot a sling bullet.
The sling bullet barely misses the ribbon worm.
The ribbon worm bites you.
The ribbon worm bites you but does no damage.
You shoot a sling bullet.
The sling bullet barely misses the ribbon worm.
The ribbon worm barely misses you.
You shoot a sling bullet. The sling bullet hits the ribbon worm.
The ribbon worm is heavily wounded.
The ribbon worm bites you.
You shoot a sling bullet. The sling bullet hits the ribbon worm!
The ribbon worm is severely wounded.
The ribbon worm bites you but does no damage.
You shoot a sling bullet.
The sling bullet barely misses the ribbon worm.
The ribbon worm bites you but does no damage.
You shoot a sling bullet. The sling bullet hits the ribbon worm.
The ribbon worm is severely wounded.
The ribbon worm bites you but does no damage.
You shoot a sling bullet. The sling bullet hits the ribbon worm.
The ribbon worm is severely wounded.
The ribbon worm bites you but does no damage.
You shoot a sling bullet.
The sling bullet barely misses the ribbon worm.
The ribbon worm completely misses you. The ribbon worm barely misses you.
You shoot a sling bullet.
The sling bullet barely misses the ribbon worm.
The ribbon worm expels a string of sticky webbing.
The stream of webbing hits you but does no damage.
You are caught in a web!
You struggle to detach yourself from the web.
The ribbon worm bites you.
The web tears apart.
You shoot a sling bullet.
The sling bullet completely misses the ribbon worm.
The ribbon worm barely misses you. The ribbon worm bites you.
You shoot a sling bullet. The sling bullet hits the ribbon worm.
The ribbon worm is severely wounded.
The ribbon worm bites you but does no damage.
You shoot a sling bullet. The sling bullet hits the ribbon worm.
The ribbon worm is almost dead.
The ribbon worm bites you.
You shoot a sling bullet. The sling bullet hits the ribbon worm!
You kill the ribbon worm!
No target in view!
You now have 82 gold pieces (gained 8).
Found a dagger.
You now have 94 gold pieces (gained 12).
Found a ring mail.
A bat comes into view.
You shoot a sling bullet.
The sling bullet closely misses the bat.
The bat barely misses you.
You shoot a sling bullet. The sling bullet hits the bat!
You kill the bat!
No target in view!
No target in view!
Found 6 stones.
You now have 97 gold pieces (gained 3).
You now have 104 gold pieces (gained 7).
There is a shaft here.
Found a coppery potion.
You see here a coppery potion.
Found 2 curare-tipped darts.
Key pressed, stopping explore.
Unknown command.
You see here 2 curare-tipped darts.
p - 2 curare-tipped darts
Found a stone staircase leading up.
You see here a coppery potion.
There is a shaft here.
You see here a cyan potion.
Found an escape hatch in the ceiling.
Done exploring.
Done exploring.
There is a stone staircase leading down here.
You climb downwards.
There is a stone staircase leading up here.
An adder comes into view.
The adder hisses angrily.
You shoot a sling bullet. The sling bullet misses the adder.
The adder completely misses you. The adder bites you but does no damage.
You shoot a sling bullet. The sling bullet hits the adder!
The adder is heavily wounded.
The adder bites you but does no damage. The adder barely misses you.
You shoot a sling bullet.
The sling bullet barely misses the adder.
The adder closely misses you. The adder bites you but does no damage.
You shoot a sling bullet. The sling bullet misses the adder.
The adder barely misses you. The adder bites you but does no damage.
You shoot a sling bullet.
The sling bullet closely misses the adder.
The adder bites you. The adder bites you but does no damage.
You shoot a sling bullet. The sling bullet hits the adder.
You kill the adder!
Your Ranged Weapons skill increases to level 3!
No target in view!
No target in view!
HP restored.
An orc comes into view. It is wielding a +0 dagger.
The orc shouts!
You shoot a sling bullet.
The sling bullet hits the orc but does no damage.
You shoot a sling bullet.
The sling bullet hits the orc but does no damage.
You shoot a sling bullet.
The sling bullet closely misses the orc.
You shoot a sling bullet. The sling bullet barely misses the orc.
The orc hits you with a +0 dagger.
You shoot a sling bullet. The sling bullet barely misses the orc.
The orc hits you but does no damage.
You shoot a sling bullet. The sling bullet hits the orc.
The orc is heavily wounded.
The orc hits you but does no damage. The orc closely misses you.
You shoot a sling bullet. The sling bullet hits the orc.
You kill the orc!
No target in view!
No target in view!
Things that are here:
a +0 dagger; a +0 leather armour
Found a spear.
Found a falchion.
You open the door.
There is an open door here.
You now have 106 gold pieces (gained 2).
You open the door.
There is an open door here.
You now have 122 gold pieces (gained 16).
There is an open door here.
Found a ruby potion.
An endoplasm comes into view.
A giant cockroach comes into view.
You shoot a sling bullet. The sling bullet hits the endoplasm.
The endoplasm quivers.
The endoplasm is almost dead.
You shoot a sling bullet.
The sling bullet hits the endoplasm but does no damage.
The endoplasm is almost dead.
You shoot a sling bullet. The sling bullet hits the endoplasm.
You kill the endoplasm!
You shoot a sling bullet.
The sling bullet hits the giant cockroach.
You kill the giant cockroach!
No target in view!
You open the door.
You see here a ruby potion.
You open the door.
There is an open door here.
Key pressed, stopping explore.
There is an open door here.
Found a stone staircase leading up.
You open the door.
There is an open door here.
There is an open door here.
You see here a +0 falchion.
Things that are here:
a +0 dagger; a +0 leather armour You now have 129 gold pieces (gained 7).
A quokka comes into view.
You shoot a sling bullet.
The sling bullet closely misses the quokka.
The quokka bites you but does no damage.
You shoot a sling bullet. The sling bullet hits the quokka.
The quokka is almost dead.
The quokka bites you but does no damage. x2
You shoot a sling bullet.
The sling bullet closely misses the quokka.
The quokka closely misses you.
The quokka bites you but does no damage.
You shoot a sling bullet.
The sling bullet barely misses the quokka.
The quokka closely misses you.
You shoot a sling bullet. The sling bullet hits the quokka.
You kill the quokka!
No target in view!
No target in view!
You see here a quokka corpse.
Found 4 stones.
Found a stone staircase leading down.
You now have 137 gold pieces (gained 8).
You see here 4 stones.
Found 5 stones.
Found 3 stones.
A kobold comes into view. It is wielding a +0 dagger.
The kobold shouts!
You shoot a sling bullet.
The sling bullet barely misses the kobold.
You shoot a sling bullet.
The sling bullet closely misses the kobold.
An orc comes into view. It is wielding a +0 dagger.
You shoot a sling bullet. The sling bullet hits the kobold.
You kill the kobold!
You have reached level 4!
An orc is nearby!
You shoot a sling bullet. The sling bullet hits the orc.
The orc is severely wounded.
You shoot a sling bullet. The sling bullet barely misses the orc.
You shoot a sling bullet. The sling bullet hits the orc.
You kill the orc!
No target in view!
Items here: ( ) [ †.
Things that are here:
a +0 dagger; a kobold corpse Jessica the Apprentice Sorceress comes into view.
She is wielding a +0 dagger.
Jessica shouts!
Jessica moves out of view.
You shoot a sling bullet. The sling bullet hits Jessica.
Jessica is severely wounded.
You shoot a sling bullet.
The sling bullet closely misses Jessica.
A quokka comes into view.
You shoot a sling bullet.
The sling bullet closely misses Jessica.
Jessica barely misses you.
You shoot a sling bullet. The sling bullet hits Jessica.
You kill Jessica!
You shoot a sling bullet.
The sling bullet closely misses the quokka.
You shoot a sling bullet. The sling bullet hits the quokka.
You kill the quokka!
No target in view!
No target in view!
Things that are here:
a +0 dagger; a +0 robe; the human corpse of Jessica
Found a cyan potion.
You now have 148 gold pieces (gained 11).
You now have 155 gold pieces (gained 7).
You open the door. You open the door.
There is an open door here.
You open the door.
Found a clear potion and a robe.
There is an open door here.
You see here a clear potion.
There is an open door here.
Things that are here:
a +0 dagger; a +0 robe; the human corpse of Jessica You open the door.
An endoplasm comes into view.
The endoplasm quivers.
Found a chain mail.
An endoplasm is nearby!
You shoot a sling bullet. The sling bullet hits the endoplasm.
The endoplasm is almost dead.
You shoot a sling bullet. The sling bullet hits the endoplasm!
You kill the endoplasm!
No target in view!
There is an open door here. 3 orcs come into view.
Found a stone staircase leading down.
The orc shouts! x3; You hear a shout!
An orc comes into view.
It is wielding a +2 morningstar of protection.
Cast which spell? (? or * to list)
You beckon some vexing sprites to accompany your attacks.
You feel your willpower being sapped.
You shoot a sling bullet.
The sling bullet closely misses the orc.
The sling bullet completely misses the orc. x2
A giggling sprite leaps out and makes the orc trip over its own feet.
The orc is heavily wounded.
A giggling sprite leaps out and makes the orc trip over its own feet.
The orc is heavily wounded.
A giggling sprite leaps out and insults the orc's ancestors.
The orc is moderately wounded.
The jinxing sprites lose interest in you.
The orc barely misses you.
You shoot a sling bullet.
The sling bullet barely misses the orc. x2
The sling bullet closely misses the orc.
The sling bullet hits the orc.
The orc is heavily wounded.
The orc seems less drained.
The orc completely misses you. The orc hits you with a +0 dagger.
You shoot a sling bullet.
The sling bullet hits the orc but does no damage.
The orc is moderately wounded.
The orc hits you with a +0 dagger.
You shoot a sling bullet. The sling bullet hits the orc!
You kill the orc!
The orc seems less drained.
The orc barely misses you.
You shoot a sling bullet. The sling bullet hits the orc.
You kill the orc!
You shoot a sling bullet. The sling bullet barely misses the orc.
The sling bullet hits the orc but does no damage.
The orc is heavily wounded.
The orc hits you with a +0 mace!
You shoot a sling bullet.
The sling bullet closely misses the orc.
The sling bullet completely misses the orc.
The orc barely misses you. The orc hits you with a +0 mace!
* * * LOW HITPOINT WARNING * * *
You are too injured to fight recklessly!
Cast which spell? (? or * to list)
Okay, then.
Fire: a) +1 sling
Press: ? - help, Q - select action, (/) - cycle Shift-Dir - straight line, f/p - orc
Aim: an orc, wielding a +0 mace (heavily wounded, 59% to hit)
You shoot a sling bullet. The sling bullet hits the orc.
You kill the orc!
Unknown command.
Fire: a) +1 sling
Press: ? - help, Q - select action, (/) - cycle Shift-Dir - straight line, f - orc
Aim: an orc, wielding a +2 morningstar of protection and wearing a +0 chain mail (heavily wounded, 67% to hit)
You shoot a sling bullet.
The sling bullet hits the orc but does no damage.
The orc is heavily wounded.
The orc closely misses you.
An orc comes into view. It is wielding a +0 club.
Unknown command.
Fire: a) +1 sling
Press: ? - help, Q - select action, (/) - cycle Shift-Dir - straight line, f/p - orc
Aim: an orc, wielding a +2 morningstar of protection and wearing a +0 chain mail (heavily wounded, 67% to hit)
You shoot a sling bullet.
The sling bullet hits the orc but does no damage.
The orc is heavily wounded.
The orc hits you but does no damage. x2
Unknown command.
Fire: a) +1 sling
Press: ? - help, Q - select action, (/) - cycle Shift-Dir - straight line, f/p - orc
Aim: an orc, wielding a +2 morningstar of protection and wearing a +0 chain mail (heavily wounded, 67% to hit)
You shoot a sling bullet.
The sling bullet hits the orc but does no damage.
The orc is heavily wounded.
The orc hits you but does no damage.
Fire: a) +1 sling
Press: ? - help, Q - select action, (/) - cycle Shift-Dir - straight line, f/p - orc
Aim: an orc, wielding a +2 morningstar of protection and wearing a +0 chain mail (heavily wounded, 67% to hit)
You shoot a sling bullet.
The sling bullet hits the orc but does no damage.
The orc is heavily wounded.
The orc hits you with a +2 morningstar of protection!
* * * LOW HITPOINT WARNING * * *
Fire: a) +1 sling
Press: ? - help, Q - select action, (/) - cycle Shift-Dir - straight line, f/p - orc
Aim: an orc, wielding a +2 morningstar of protection and wearing a +0 chain mail (heavily wounded, 67% to hit)
You shoot a sling bullet. The sling bullet barely misses the orc.
The sling bullet closely misses the orc.
The orc misses you. The orc barely misses you.
Unknown command.
Fire: a) +1 sling
Press: ? - help, Q - select action, (/) - cycle Shift-Dir - straight line, f/p - orc
Aim: an orc, wielding a +2 morningstar of protection and wearing a +0 chain mail (heavily wounded, 67% to hit)
You shoot a sling bullet.
The sling bullet completely misses the orc.
The sling bullet hits the orc.
The orc is severely wounded.
The orc barely misses you.
Unknown command.
Fire: a) +1 sling
Press: ? - help, Q - select action, (/) - cycle Shift-Dir - straight line, f/p - orc
Aim: an orc, wielding a +2 morningstar of protection and wearing a +0 chain mail (heavily wounded, 67% to hit)
You shoot a sling bullet. The sling bullet barely misses the orc.
The sling bullet hits the orc but does no damage.
The orc is severely wounded.
The orc hits you with a +2 morningstar of protection.
* * * LOW HITPOINT WARNING * * *
The orc hits you but does no damage.
Unknown command.
You aren't carrying any items that you can evoke.
Unknown command.
Fire: a) +1 sling
Press: ? - help, Q - select action, (/) - cycle Shift-Dir - straight line, f/p - orc
Aim: an orc, wielding a +2 morningstar of protection and wearing a +0 chain mail (heavily wounded, 67% to hit)
Okay, then.
Fire: a) +1 sling
Press: ? - help, Q - select action, (/) - cycle Shift-Dir - straight line, f/p - orc
Aim: an orc, wielding a +2 morningstar of protection and wearing a +0 chain mail (heavily wounded, 67% to hit)
You shoot a sling bullet.
The sling bullet hits the orc but does no damage.
The orc is heavily wounded.
The orc hits you with a +2 morningstar of protection!
You die...

....### #### #.....#
#.....# #.....# #.....#
#.....########
'.....'.[..... #
#...!.################.##$#
'...............@oo.......#
#.....################.##.#
#.....# .# #.....# oo
#####.# o. # #.# .. # #.. #
# ## # #


You could see 2 orcs.

Vanquished Creatures
  Jessica (D:3)
  2 adders
  2 dart slugs
  2 ribbon worms (D:2)
  5 orcs (D:3)
  9 endoplasms
  2 giant cockroaches
  3 goblins
  A hobgoblin (D:2)
  4 jackals (D:1)
  2 quokkas (D:3)
  4 ball pythons (D:1)
  2 bats
  A frilled lizard (D:1)
  A kobold (D:3)
  2 rats (D:1)
43 creatures vanquished.

Notes
Turn   | Place    | Note
-------+----------+-------------------------------------------
     0 | D:1      | jagoly the Mummy Hexslinger began the quest for the Orb.
     0 | D:1      | Reached XP level 1. HP: 15/15 MP: 2/2
   163 | D:1      | Reached XP level 2. HP: 21/21 MP: 4/4
   174 | D:1      | Learned a level 2 spell: Jinxbite
   707 | D:2      | Reached XP level 3. HP: 24/26 MP: 6/6
  1714 | D:3      | Reached XP level 4. HP: 32/32 MP: 7/7
  1727 | D:3      | Noticed Jessica
  1732 | D:3      | Killed Jessica
  1884 | D:3      | Mangled by an orc

Illustrated notes

Levels and vault maps discovered:
D:1:      mainiacjoe_arrival_oval_in_oval, layout_loops_ring
D:2:      layout_basic
D:3:      layout_basic, goddamned_bats, uniq_crazy_yiuf_cottage, uniq_jessica

Skill      XL: |  1  2  3 |
---------------+----------+-----
Ranged Weapons | 2 3 |  3.6
Spellcasting   | 2 |  2.0
Hexes          | 3 |  3.0
Fighting       | |  1.0
Dodging        | |  1.5
Fire Magic     | |  0.7

Action                     |  1- 3 |  4- 6 || total
---------------------------+-------+-------++-------
   Fire: Sling             |   135 |    27 ||   162
   Cast: Jinxbite          |       |     1 ||     1
 Armour: Robe              |    13 |       ||    13
         Ring mail         |    39 |    11 ||    50
  Dodge: Dodged            |    49 |     9 ||    58

Table legend: (Time is in decaauts)
 A = Elapsed time spent in this place.
 B = Non-inter-level travel time spent in this place.
 C = Inter-level travel time spent in this place.
 D = Time resting spent in this place.
 E = Time spent auto-exploring this place.
 F = Levels seen in this place.
 G = Mean time per level.
                   A        B        C        D        E       F      G
               +--------+--------+--------+--------+--------+-----+--------+
         Total |   1940 |   1885 |     55 |      0 |   1511 |   3 |  646.7 |
       Dungeon |   1940 |   1885 |     55 |      0 |   1511 |   3 |  646.7 |
               +--------+--------+--------+--------+--------+-----+--------+

Top non-repeatable levels by time:
     D:2: 753 daAuts
     D:1: 673 daAuts
     D:3: 513 daAuts
